 Dungeon Crawl Stone Soup version 0.30-a0-782-ge64f9170bb (webtiles) character file.

Game seed: 370702711954360458

696 KleinerIrrer the Conjurer (level 7, -2/43 (46) HPs)
             Began as a Demonspawn Conjurer on Feb 18, 2023.
             Was an Initiate of Vehumet.
             Slain by a wight
             ... wielding a +0 mace
              (10 damage)
             ... on level 5 of the Dungeon.
             The game lasted 00:10:45 (5182 turns).

KleinerIrrer the Conjurer (Demonspawn Conjurer)     Turns: 5182, Time: 00:10:45

HP:   -2/43 (46)    AC:  4    Str:  8    XL:     7   Next: 37%
MP:   3/13          EV: 11    Int: 29    God:    Vehumet [......]
Gold: 268           SH:  5    Dex: 14    Spells: 0/14 levels left

rFire   . . .      SeeInvis .    f - +0 dagger
rCold   . . .      Faith    .    d - +0 buckler
rNeg    . . .      Spirit   .    a - +1 robe of Wyemaf {Drain rPois Int+2 Dex+3}
rPois   +          Reflect  .    (helmet restricted)
rElec   .          Harm     .    l - +0 cloak
rCorr   +          Rampage  .    (no gloves)
Will    .....                    (no boots)
Stlth   ++                       (no amulet)
HPRegen 0.27/turn                i - ring of resist corrosion
MPRegen 0.13/turn                n - +6 ring of intelligence

@: drained
A: horns 1, demonic guardian 1, ignite blood 1, weakness stinger 1
a: Renounce Religion


You were on level 5 of the Dungeon.
You worshipped Vehumet.
Vehumet was noncommittal.
You visited 1 branch of the dungeon, and saw 6 of its levels.

You collected 268 gold pieces.

Inventory:

Hand Weapons
 f - a +0 dagger (weapon)
Armour
 a - the +1 robe of Wyemaf (worn) {Drain rPois Int+2 Dex+3}
   (You found it on level 4 of the Dungeon)

   Int:       It affects your intelligence (+2).
   Dex:       It affects your dexterity (+3).
   rPois:     It protects you from poison.
   Drain:     It drains your maximum health when unequipped.
 d - a +0 buckler (worn)
 l - a +0 cloak (worn)
Jewellery
 i - a ring of resist corrosion (left hand)
 n - a +6 ring of intelligence (right hand)
 p - a ring of fire
Scrolls
 c - 2 scrolls of enchant weapon {unknown}
 h - 2 scrolls of teleportation
 j - a scroll of enchant armour {unknown}
 k - a scroll of magic mapping {unknown}
 o - 2 scrolls of fog {unknown}
 q - a scroll of torment {unknown}
 r - a scroll of immolation {unknown}
 s - a scroll of noise {unknown}
 t - a scroll of blinking {unknown}
 w - a scroll of poison {unknown}
Potions
 b - a potion of magic
 e - 2 potions of mutation
 m - a potion of might {unknown}
 u - a potion of lignification {unknown}
 v - 2 potions of berserk rage {unknown}


   Skills:
 - Level 1.7 Dodging
 - Level 1.7 Stealth
 + Level 3.5 Shields
 + Level 4.2 Spellcasting
 * Level 6.8 Conjurations


You couldn't memorise any spells.
You knew the following spells:

 Your Spells              Type           Power      Damage    Failure   Level
a - Magic Dart            Conj           100%       1d8       1%          1
b - Searing Ray           Conj           92%        2d7       1%          2
c - Dazzling Flash        Conj/Hex       52%        N/A       6%          3
d - Fulminant Prism       Conj/Hex       13%        3d8       22%         4
e - Iskenderun's Mystic   Conj/Tloc      26%        2d7       22%         4

Your spell library contained the following spells:

 Spells                   Type           Power      Damage    Failure   Level
 Sublimation of Blood     Necr           6%         N/A       14%         2
 Wereblood                Tmut           6%         N/A       14%         2
 Frozen Ramparts          Ice            12%        1d2       26%         3
 Ice Form                 Ice/Tmut       6%         N/A       65%         4
 Summon Ice Beast         Ice/Summ       6%         N/A       65%         4
 Summon Hydra             Summ           3%         N/A       100%        7


Dungeon Overview and Level Annotations

Branches:
Dungeon (6/15)
 Temple: D:4-7

Altars:
Dithmenos
Kikubaaqudgha
Vehumet
Xom


Innate Abilities, Weirdness & Mutations

You have a pair of small horns on your head.
A weak demonic guardian rushes to your aid.
Your demonic aura sometimes causes spilled blood to erupt in flames.
You have a small tail.


Message History

The wight is heavily damaged.
The wight hits you with a +0 flail!
A demonic guardian appears!
The searing ray hits the wight.
The wight is heavily damaged.
The searing ray hits the wight.
The wight is severely damaged.
You finish channelling your searing ray.
Your shadow imp hits the wight but does no damage.
The wight hits you with a +0 flail!
You feel drained.
* * * LOW HITPOINT WARNING * * *
The wight closely misses your shadow imp.
Your shadow imp barely misses the wight.
The wight barely misses you.
The wight hits your shadow imp with a +0 mace.
Casting: Searing Ray (safe; 1% risk of failure)
Confirm with . or Enter, or press ? or * to list all spells.
Aiming: Searing Ray (safe; 1% risk of failure)
Press: ? - help, Shift-Dir - straight line, f/p - wight
Aim: a wight, wielding a +0 flail and wearing a +0 robe (heavily damaged, ally target, 82% to hit)
The searing ray hits the wight.
The wight is severely damaged.
The searing ray hits the wight but does no damage.
The wight is severely damaged. (Press . to maintain the ray.)
A centaur comes into view.
Your shadow imp hits the wight.
The wight hits your shadow imp with a +0 flail.
The wight hits your shadow imp with a +0 mace.
Your shadow imp dies!
Your shadow imp disappears in a puff of smoke!
The searing ray misses the wight. x2; The wight barely misses you.
You feel better. The wight barely misses you. You block the wight's attack.
The wight hits you with a +0 mace.
You feel drained. The wight hits you with a +0 flail.
* * * LOW HITPOINT WARNING * * *
You climb upwards.
There is a stone staircase leading down here.
The wight attacks as you move away! The wight closely misses you.
The wight attacks as you move away! The wight hits you with a +0 mace!
You die...

##.###..............###......##
............................##
.....##.##..............##.##
.........#.............##...##
.###.....##...........###....##
.###..##..##...<....####......#
..###..#.###......#..##.......#
...##........).>z.#.........###
#.............#z@...#.....###
#.............#.....#.....#
#.......###..#............#
#.......#...###..........##
#.............#.[...#.....#
..........#.####....#.#...#
........##### ###.....#####
.........## #....####
..........# ##..##


You could see 2 wights.

Vanquished Creatures
  Grinder (D:5)
  A water moccasin (D:5)
  An ice beast (D:5)
  A necrophage (D:4)
  A hound (D:5)
  An iguana (D:5)
  An orc wizard (D:4)
  4 gnolls (D:4)
  2 adders (D:3)
  A shadow imp (D:6)
  An ufetubus (D:4)
  2 worms
  4 dart slugs
  7 orcs
  4 ball pythons
  3 endoplasms
  7 giant cockroaches
  8 goblins
  5 hobgoblins
  2 jackals (D:2)
  3 kobolds
  2 quokkas
  3 bats
  5 frilled lizards (D:1)
  4 rats (D:1)
74 creatures vanquished.

Notes
Turn   | Place    | Note
-------+----------+-------------------------------------------
     0 | D:1      | KleinerIrrer the Demonspawn Conjurer began the quest for
                  | the Orb.
     0 | D:1      | Reached XP level 1. HP: 13/13 MP: 3/3
    35 | D:1      | Found a faded altar of an unknown god.
   214 | D:1      | Gained mutation: A weak demonic guardian rushes to your
                  | aid. [demonic ancestry]
   214 | D:1      | Reached XP level 2. HP: 19/19 MP: 3/5
   512 | D:1      | Reached skill level 1 in Shields
   917 | D:1      | Gained mutation: Your demonic aura sometimes causes spilled
                  | blood to erupt in flames. [demonic ancestry]
   917 | D:1      | Reached XP level 3. HP: 21/24 MP: 2/6
  1042 | D:1      | Learned a level 2 spell: Searing Ray
  2579 | D:3      | Reached XP level 4. HP: 30/30 MP: 6/8
  2622 | D:3      | Found a shadowy altar of Dithmenos.
  2625 | D:3      | Found a shimmering altar of Xom.
  2688 | D:3      | Learned a level 3 spell: Dazzling Flash
  2745 | D:3      | Identified the +1 robe "Koorpho" {Int+2 Dex+3}
  3435 | D:4      | Identified the +1 robe of Wyemaf {Drain rPois Int+2 Dex+3}
  3718 | D:4      | Found a radiant altar of Vehumet.
  3807 | D:4      | Noticed a necrophage
  3813 | D:4      | Killed a necrophage
  3814 | D:4      | Reached skill level 5 in Conjurations
  3814 | D:4      | Discovered your monstrous ancestry.
  3814 | D:4      | Gained mutation: You have a small tail. [demonic ancestry]
  3814 | D:4      | Reached XP level 5. HP: 35/35 MP: 1/9
  4241 | D:5      | Entered Level 5 of the Dungeon
  4388 | D:4      | Became a worshipper of Vehumet
  4425 | D:5      | Noticed a water moccasin
  4432 | D:5      | Killed a water moccasin
  4433 | D:5      | Reached XP level 6. HP: 38/41 MP: 1/11
  4524 | D:5      | Noticed Grinder
  4532 | D:5      | Killed Grinder
  4533 | D:5      | Reached skill level 6 in Conjurations
  4533 | D:5      | Gained mutation: You have a pair of small horns on your
                  | head. [demonic ancestry]
  4533 | D:5      | Reached XP level 7. HP: 21/46 MP: 4/13
  4603 | D:5      | Learned a level 4 spell: Fulminant Prism
  4608 | D:5      | Learned a level 4 spell: Iskenderun's Mystic Blast
  4959 | D:5      | Found an ancient bone altar of Kikubaaqudgha.
  5182 | D:5      | Slain by a wight

Illustrated notes

Levels and vault maps discovered:
D:1:      eino_arrival_cavern_a, layout_basic, hellmonk_ecumenical_altar_zigzags
D:2:      layout_loops_ring
D:3:      layout_basic, nicolae_overflow_squiral, kennysheep_nondescript
D:4:      layout_rooms, nicolae_vehumet_altar_sigil
D:5:      layout_cave_pools, old_standard_altar, uniq_grinder
D:6:      layout_loops_corners, minmay_misc_feat_rows,
          amcnicky_mini_rare_corridor_liquid, minmay_crystal_water,
          uniq_prince_ribbit1, uniq_blork_the_orc

Skill      XL: |  1  2  3  4  5  6 |
---------------+-------------------+-----
Shields        | 1 2 3 |  3.5
Spellcasting   | 3 4 |  4.2
Conjurations   | 5 6 |  6.8
Dodging        | |  1.7
Stealth        | |  1.7

Action                     |  1- 3 |  4- 6 |  7- 9 || total
---------------------------+-------+-------+-------++-------
  Melee: Dagger            |     4 |     9 |       ||    13
   Cast: Magic Dart        |    86 |    61 |    18 ||   165
         Searing Ray       |     5 |     8 |     3 ||    16
    Use: Scroll            |       |     4 |     1 ||     5
         Potion            |       |     1 |     1 ||     2
 Armour: Robe              |     4 |     6 |       ||    10
  Dodge: Dodged            |     2 |    15 |     5 ||    22
  Block: Buckler           |     1 |    13 |     1 ||    15

Table legend: (Time is in decaauts)
 A = Elapsed time spent in this place.
 B = Non-inter-level travel time spent in this place.
 C = Inter-level travel time spent in this place.
 D = Time resting spent in this place.
 E = Time spent auto-exploring this place.
 F = Levels seen in this place.
 G = Mean time per level.
                   A        B        C        D        E       F      G
               +--------+--------+--------+--------+--------+-----+--------+
         Total |   5182 |   4915 |    267 |    221 |   4107 |   6 |  863.7 |
       Dungeon |   5182 |   4915 |    267 |    221 |   4107 |   6 |  863.7 |
               +--------+--------+--------+--------+--------+-----+--------+

Top non-repeatable levels by time:
     D:1: 1165 daAuts
     D:3: 1108 daAuts
     D:2: 1077 daAuts
     D:4: 960 daAuts
     D:5: 854 daAuts
     D:6: 17 daAuts
